 Dungeon Crawl Stone Soup version 0.24-a0-471-g3302cd442e (webtiles) character file.

Game seed: 6949727413708863005

843 pk666 the Magician (level 7, 0/36 HPs)
             Began as a Deep Elf Wizard on July 4, 2019.
             Slain by a wight
             ... wielding a +0 dire flail
              (1 damage)
             ... on level 6 of the Dungeon.
             The game lasted 00:11:02 (7271 turns).

pk666 the Magician (Deep Elf Wizard)                Turns: 7271, Time: 00:11:02

Health: 0/36       AC:  6    Str:  4    XL:     7   Next: 68%
Magic:  19/19      EV: 13    Int: 25    God:
Gold:   247        SH:  0    Dex: 13    Spells: 11/20 levels left

rFire    . . .     SeeInvis .   h - +1 dagger (venom)
rCold    . . .     Gourm    .   (no shield)
rNeg     . . .     Faith    .   a - +0 robe
rPois    .         Spirit   .   b - +0 hat
rElec    .         Reflect  .   A - +1 cloak
rCorr    .         Harm     .   g - +0 pair of gloves
MR       .....                  z - +0 pair of boots
Stlth    ++........             (no amulet)
HPRegen  0.12/turn              y - ring of stealth
MPRegen  0.16/turn              o - ring of wizardry

@: confused, lightly drained
A: no striking features
a: no special abilities


You were on level 6 of the Dungeon.
You were hungry.

You visited 1 branch of the dungeon, and saw 6 of its levels.

You collected 247 gold pieces.

Inventory:

Hand Weapons
 h - a +1 dagger of venom (weapon)
Armour
 a - a +0 robe (worn)
 b - a +0 hat (worn)
 g - a +0 pair of gloves (worn)
 z - a +0 pair of boots (worn)
 A - a +1 cloak (worn)
Jewellery
 f - an uncursed ring of protection from fire
 o - a ring of wizardry (right hand)
 y - a ring of stealth (left hand)
Wands
 u - a wand of enslavement (7)
 x - a wand of paralysis (14)
Scrolls
 c - 2 scrolls of random uselessness {unknown}
 e - 2 scrolls of amnesia {unknown}
 j - 5 scrolls of identify {unknown}
 m - 3 scrolls of enchant armour {unknown}
 n - 5 scrolls of teleportation {unknown}
 p - a scroll of fog {unknown}
 r - 2 scrolls of remove curse {unknown}
 s - a scroll of enchant weapon {unknown}
Potions
 i - 4 potions of curing
 k - a potion of magic {unknown}
 l - 4 potions of agility {unknown}
 q - a potion of flight {unknown}
 t - a potion of resistance {unknown}
 v - a potion of brilliance {unknown}
 w - a potion of degeneration {unknown}
Comestibles
 d - 11 rations


   Skills:
 - Level 3.1(2.6) Dodging
 - Level 2.4(1.8) Stealth
 + Level 7.1(6.4) Spellcasting
 + Level 4.5(4.0) Conjurations
   Level 1.1(0.5) Summonings
 - Level 3.0(2.4) Translocations
 + Level 3.8(3.3) Fire Magic
 - Level 2.1(1.5) Air Magic
 - Level 3.0(2.5) Poison Magic


You had 11 spell levels left.
You knew the following spells:

 Your Spells              Type           Power        Failure   Level  Hunger
a - Magic Dart            Conj           ####         1%          1    None
b - Blink                 Tloc           N/A          1%          2    None
c - Conjure Flame         Conj/Fire      ####....     1%          3    None
d - Mephitic Cloud        Conj/Pois/Air  ###.....     2%          3    None

Your spell library contained the following spells:

 Spells                   Type           Power        Failure   Level  Hunger
 Call Imp                 Summ           ##......     3%          2    None
 Slow                     Hex            #.......     4%          2    None


Dungeon Overview and Level Annotations

Branches:
Dungeon (6/15)
 Temple: D:4-7

Altars:
Gozag
Kikubaaqudgha
Nemelex Xobeh
Qazlal
Sif Muna
Uskayaw
Wu Jian
Zin

Shops:
D:4 }   D:5 [

Annotations:
D:5 exclusion: downstairs


Message History

The orc wizard gestures at you while chanting.
You easily resist.
The iguana bites you.
In your confused state, you trip and fall back down the stairs.
* * * LOW HITPOINT WARNING * * *
The wight hits you with a +0 dire flail.
* * * LOW HITPOINT WARNING * * *
You feel drained. The iguana barely misses you.
The orc wizard closely misses you. The orc misses you. The orc hits you.
* * * LOW HITPOINT WARNING * * *
You're too confused to cast spells.
You bump into the rock wall.
The wight closely misses you. The orc wizard completely misses you.
The iguana barely misses you. The orc hits you but does no damage.
You're too confused to cast spells.
You hit the orc wizard but do no damage.
The orc hits you but does no damage.
The wight hits you with a +0 dire flail.
* * * LOW HITPOINT WARNING * * *
You feel drained.
You die...

# .) #...... ..
#...... .......
....... .......
z# #.....z ##
.#
.....5z##..#..#
.#
#..z.co@l.....#
z
z....Ooo##.##..
.# #..###z.. .
. . #..#. ...
#...$. #....
#.#. .. .....
.. . ##. .# .#
.. ### .#


You could see an ogre, a centaur, an iguana, 5 wights, an orc wizard, a shadow
imp and 2 orcs.

Vanquished Creatures
  A sky beast (D:5)
  An ogre (D:4)
  A scorpion (D:4)
  A crimson imp (D:5)
  2 bullfrog zombies (D:5)
  3 hounds
  A bullfrog skeleton (D:3)
  A centaur skeleton (D:4)
  4 iguanas (D:5)
  An orc wizard (D:3)
  2 worker ants (D:5)
  4 gnolls
  3 adders
  An ooze (D:2)
  An adder skeleton (D:4)
  4 worms
  5 dart slugs
  5 leopard geckos
  8 orcs
  2 ball pythons
  5 giant cockroaches
  6 hobgoblins
  17 jackals
  A quokka (D:2)
  11 bats
  6 frilled lizards
  6 goblins (D:1)
  4 kobolds
  12 rats
119 creatures vanquished.

Notes
Turn   | Place    | Note
-------+----------+-------------------------------------------
     0 | D:1      | pk666 the Deep Elf Wizard began the quest for the Orb.
     0 | D:1      | Reached XP level 1. HP: 10/10 MP: 7/7
   186 | D:1      | Reached XP level 2. HP: 3/15 MP: 0/9
   759 | D:1      | Reached skill level 5 in Spellcasting
   759 | D:1      | Reached XP level 3. HP: 19/19 MP: 4/11
   813 | D:1      | Learned a level 2 spell: Blink
   817 | D:1      | Learned a level 3 spell: Conjure Flame
   821 | D:1      | Learned a level 3 spell: Mephitic Cloud
  1817 | D:2      | Reached XP level 4. HP: 24/24 MP: 11/13
  2564 | D:3      | Reached skill level 1 in Fire Magic
  2564 | D:3      | Reached skill level 1 in Poison Magic
  2628 | D:3      | Reached skill level 1 in Air Magic
  2854 | D:3      | Found a stormy altar of Qazlal.
  3309 | D:3      | Reached XP level 5. HP: 28/28 MP: 12/14
  3424 | D:3      | Found an ornate altar of the Wu Jian Council.
  3873 | D:4      | Found Jobewn's Gadget Boutique.
  4009 | D:4      | Reached XP level 6. HP: 8/32 MP: 0/16
  5261 | D:5      | Entered Level 5 of the Dungeon
  5271 | D:5      | Reached skill level 6 in Spellcasting
  5664 | D:5      | Reached XP level 7. HP: 36/36 MP: 8/18
  5885 | D:5      | Found a sparkling altar of Nemelex Xobeh.
  6399 | D:5      | Found Bicw's Antique Armour Boutique.
  6485 | D:5      | Found an opulent altar of Gozag.
  6589 | D:5      | Found a deep blue altar of Sif Muna.
  6589 | D:5      | Found an ancient bone altar of Kikubaaqudgha.
  6597 | D:5      | Found a glowing silver altar of Zin.
  6600 | D:5      | Found a hide-covered altar of Uskayaw.
  7003 | D:5      | Reached skill level 7 in Spellcasting
  7271 | D:6      | HP: 1/36 [wight/+0 dire flail (3)]
  7271 | D:6      | Slain by a wight

Levels and vault maps discovered:
D:1:      dpeg_arrival_stone_temple_mockup, layout_basic
D:2:      layout_rooms
D:3:      layout_basic, lemuel_crystal_altar, old_standard_altar
D:4:      layout_layer_cave, serial_shops, shop, minmay_pentomino_pile
D:5:      layout_basic, minmay_overflow_temple_star_hex, serial_shops, shop,
          first_ration, nemelex_altar_shiori
D:6:      layout_rooms, cheibriados_altar_1, minmay_temple_entry_slanted,
          kennysheep_windowed_goal

Skill      XL: |  1  2  3  4  5  6  7 |
---------------+----------------------+-----
Dodging        | 3 |  3.1
Conjurations   | 2 3 4 |  4.5
Spellcasting   | 5 6 7 |  7.1
Fire Magic     | 1 2 3 |  3.8
Poison Magic   | 1 2 3 |  3.0
Air Magic      | 1 2 |  2.1
Translocations | 2 3 |  3.0
Stealth        | |  2.4
Summonings     | |  1.1

Action                   |  1- 3 |  4- 6 |  7- 9 || total
-------------------------+-------+-------+-------++-------
Melee: Dagger            |     2 |     8 |     5 ||    15
 Cast: Magic Dart        |    85 |   202 |    68 ||   355
       Mephitic Cloud    |       |     5 |     6 ||    11
       Conjure Flame     |       |     3 |     1 ||     4
       Blink             |       |       |     4 ||     4
  Use: Potion            |       |     1 |       ||     1
 Stab: Confused          |       |     1 |       ||     1
  Eat: Chunk             |     2 |    12 |     1 ||    15
       Ration            |       |       |     1 ||     1
Armor: Robe              |    15 |     2 |     8 ||    25
Dodge: Dodged            |    48 |    24 |    33 ||   105

Table legend:
 A = Non-vault XP
 B = Vault XP
 C = Vault XP percentage of total XP
 D = Non-vault monster count
 E = Vault monster count
 F = Vault count percentage of total count
                 A         B        C        D         E       F
            +---------+---------+-------+---------+---------+-------
      Total |    1077 |     128 |  10.6 |     115 |       4 |   3.4
            +---------+---------+-------+---------+---------+-------
        D:1 |      51 |       0 |   0.0 |      24 |       0 |   0.0
        D:2 |      74 |       0 |   0.0 |      26 |       0 |   0.0
        D:3 |     120 |       0 |   0.0 |      28 |       0 |   0.0
        D:4 |     195 |     128 |  39.6 |      18 |       4 |  18.2
        D:5 |     637 |       0 |   0.0 |      19 |       0 |   0.0
            +---------+---------+-------+---------+---------+-------
